 Dungeon Crawl Stone Soup version 0.29-a0-830-gcb1280458a (webtiles) character file.

Game seed: 2054430670485832351

32558 DungeonMaster the Fighter (level 13, -5/106 (112) HPs)
             Began as a Demonspawn Wanderer on July 12, 2022.
             Was an Initiate of Gozag.
             Killed by divine providence
             ... invoked by an orc priest
              (14 damage)
             ... on level 2 of the Orcish Mines.
             The game lasted 00:48:03 (24909 turns).

DungeonMaster the Fighter (Demonspawn Wanderer)    Turns: 24909, Time: 00:48:04

HP:   -5/106 (112)  AC: 21    Str: 13    XL:     13   Next: 32%
MP:   13/13         EV: 18    Int: 17    God:    Gozag
Gold: 1379          SH: 12    Dex: 14    Spells: 12/12 levels left

rFire   + . .      SeeInvis .   a - +6 war axe (chaos)
rCold   . . .      Faith    .   J - +0 kite shield
rNeg    . . .      Spirit   .   l - +1 ring mail {rF+}
rPois   .          Reflect  .   m - +1 helmet
rElec   .          Harm     .   i - +0 cloak
rCorr   .          Rampage  .   U - +1 pair of gloves
Will    +....                   (no boots)
Stlth   +.........              (no amulet)
HPRegen 0.27/turn               u - +4 ring of protection
MPRegen 0.13/turn               y - +4 ring of evasion

@: about to teleport, drained
A: hooves 2, molten scales 2, spiny 1, demonic magic 1, strong-willed 1,
mutation resistance 1
a: Renounce Religion, Potion Petition, Call Merchant, Bribe Branch


You were on level 2 of the Orcish Mines.
You worshipped Gozag.
Gozag was most pleased with you.
You visited 3 branches of the dungeon, and saw 17 of its levels.

You collected 3573 gold pieces.
You spent 1346 gold pieces at shops.
You paid 848 gold pieces to Gozag.

Inventory:

Hand Weapons
 a - a +6 war axe of chaos (weapon)
 q - a +2 trident of freezing
 s - a +6 dagger of draining
 A - a +2 war axe of electrocution
 P - the +14 obsidian axe {vorpal, Mesm Drain Fly SInv}
   (You found it on level 9 of the Dungeon)

   It inflicts extra damage upon your enemies.
   It occasionally summons demons to assist the wielder when it strikes in
   combat.
   Its wielder is mesmerised by any visible foes.
   It cannot be unequipped while any foes are visible.
   SInv:      It lets you see invisible.
   Fly:       It grants you flight.
   Drain:     It drains your maximum health when unequipped.
Missiles
 c - a boomerang of dispersal
 h - a datura-tipped dart
 j - 39 stones
 o - 6 javelins (quivered)
 r - a throwing net
 E - 14 boomerangs
 K - 8 curare-tipped darts
 R - 17 poisoned darts
 S - 4 silver javelins
Armour
 i - a +0 cloak (worn)
 l - a +1 ring mail of fire resistance (worn)
 m - a +1 helmet (worn)
 J - a +0 kite shield (worn)
 T - +0 acid dragon scales
 U - a +1 pair of gloves (worn)
Magical Staves
 x - a staff of poison
Jewellery
 f - a ring of see invisible
 g - a ring of resist corrosion
 u - a +4 ring of protection (left hand)
 y - a +4 ring of evasion (right hand)
 z - a +6 ring of intelligence
 B - a ring of flight
Wands
 k - a wand of roots (3)
 D - a wand of light (10)
 H - a wand of paralysis (3)
 I - a wand of flame (37)
 L - a wand of polymorph (6)
Scrolls
 d - 2 scrolls of immolation
 t - 5 scrolls of magic mapping
 v - 4 scrolls of teleportation
 C - a scroll of blinking
 F - a scroll of identify
 G - 3 scrolls of silence
Potions
 e - 2 potions of magic
 n - 10 potions of curing
 p - 2 potions of lignification
 w - 6 potions of flight
 N - a potion of cancellation
 Q - 2 potions of brilliance
Miscellaneous
 O - a phantom mirror


   Skills:
 - Level 13.9 Fighting
 - Level 1.0 Throwing
 * Level 10.1 Armour
 * Level 10.4 Dodging
 - Level 1.7 Stealth
 * Level 12.3 Shields
 - Level 1.0 Unarmed Combat
 - Level 2.0 Evocations


You had 12 spell levels left.
You didn't know any spells.
Your spell library contained the following spells:

 Spells                   Type           Power      Damage    Failure   Level
 Apportation              Tloc           0%         N/A       65%         1
 Beastly Appendage        Tmut           0%         N/A       65%         1
 Slow                     Hex            0%         N/A       65%         1
 Wereblood                Tmut           0%         N/A       78%         2
 Confusing Touch          Hex            0%         N/A       95%         3
 Spider Form              Tmut/Pois      0%         N/A       95%         3
 Vampiric Draining        Necr           0%         2d6       95%         3
 Fulminant Prism          Conj/Hex       0%         3d6       100%        4
 Iskenderun's Mystic Bla  Conj/Tloc      0%         2d3       100%        4
 Alistair's Intoxication  Tmut/Pois      0%         N/A       100%        5
 Lee's Rapid Deconstruct  Erth           0%         3d5*      100%        5
 Summon Forest            Summ/Tloc      0%         N/A       100%        5
 Yara's Violent Unravell  Hex/Tmut       0%         3d3       100%        5
 Eringya's Noxious Bog    Tmut/Pois      0%         N/A       100%        6
 Enfeeble                 Hex            0%         N/A       100%        7
 Haunt                    Necr/Summ      0%         N/A       100%        7
 Summon Hydra             Summ           0%         N/A       100%        7
 Infestation              Necr           0%         N/A       100%        8
 Animate Dead             Necr           Unusable   N/A       N/A         4

Dungeon Overview and Level Annotations

Branches:
Dungeon (14/15)            Temple (1/1) D:7            Lair (0/6) D:11
    Orc (2/2) D:11            Elf (0/3) Orc:2        Vaults (0/5) D:13

Altars:
Ashenzari
Dithmenos
Fedhas
Gozag
Hepliaklqana
Kikubaaqudgha
Okawaru
Ru
Sif Muna
Trog
Uskayaw
Vehumet
Xom
Yredelemnul

Shops:
D:8 ?   D:9 =   D:10 [   D:11 =   D:13 (   Orc:2 [*[

Annotations:
D:2 Terence
D:8 exclusions: electric eel, orc and 2 more exclusions
D:11 exclusion: oklob plant
Orc:2 2 runed translucent doors, Querens's ghost, journeyman MeFi


Innate Abilities, Weirdness & Mutations

You have hoof-like feet.
You are mostly covered in molten scales. (AC +3)
You are partially covered in sharp spines.
Spells you cast may paralyse adjacent enemies.
You are strong-willed. (Will+)
You are somewhat resistant to further mutation.


Message History

You slash the orc sorcerer! You freeze the orc sorcerer.
You kill the orc sorcerer!
You barely miss the orc knight.
The orc priest invokes the aid of Beogh against you.
Beogh smites you!
* * * LOW HITPOINT WARNING * * *
The orc knight roars a battlecry!
The orcs go into a battle-frenzy!
You hear a shout!
As you read the scroll of fear, it crumbles to dust.
You assume a fearsome visage.
The orc knight resists with some effort.
The orc priest looks frightened!
The orc wizard looks frightened!
The orc warrior looks frightened!
The orc priest gives up.
You block the orc knight's attack.
The orc knight attacks as you move away!
You block the orc knight's attack.
Blink to where?
Press: ? - help, Dir - move target
As you read the scroll of blinking, it crumbles to dust.
An orc priest comes into view. It is wielding a +0 dagger.
An orc wizard comes into view. It is wielding a +0 dagger.
As you read the scroll of teleportation, it crumbles to dust.
You feel strangely unstable.
Your surroundings suddenly seem different.
An orc sorcerer comes into view. It is wielding a +0 dagger.
The orc wizard mumbles some strange words.
The orc wizard flickers and vanishes!
Deactivating autopickup; reactivate with Ctrl-A.
As you read the scroll of teleportation, it crumbles to dust.
You feel strangely unstable.
An orc warrior comes into view. It is wielding a +0 battleaxe.
Found Veukur's Antique Armour Boutique.
The orc priest shouts!
You hear a shout!
The orc warrior shouts!
You hear a shout!
The orc priest invokes the aid of Beogh against you.
Beogh smites you!
You die...
Your body crumbles into a pile of gold.

#o{ .∩# #.. ..
..## ##. ... ..
..# #o ##..## ...
##. #.o..# .o.
#o. #@# #.# #.##
#o# # #..## #.#
## ##..# #.# ###.
##..o####.####..o
##...........##
######o######
#######.#####
............#


You could see an orc warrior and an orc priest.

Vanquished Creatures
  Jorgrun (Orc:2)
  3 hydras (D:13)
  Fannar (Orc:1)
  A boulder beetle (D:13)
  A two-headed ogre (D:11)
  2 vault guards (D:13)
  5 centaur warriors
  2 orc high priests
  Pikel (D:7)
  An orc knight (Orc:1)
  A wizard (D:13)
  2 ugly things
  3 orc sorcerers
  4 cyclopes
  2 manticores
  Joseph (D:9)
  Maurice (Orc:2)
  A gargoyle (D:13)
  An unseen horror (D:12)
  2 komodo dragons (D:12)
  7 trolls
  Prince Ribbit (D:5)
  2 vampires
  3 shadows
  3 yaks (D:10)
  A wyvern (D:10)
  21 humans (D:13)
  A wraith (D:13)
  Eustachio (D:5)
  8 vampire mosquitoes
  2 swamp worms (D:9)
  3 wargs (Orc:1)
  3 acid dragons
  4 water moccasins
  18 orc warriors
  2 ice beasts
  A black bear (D:6)
  A sky beast (D:7)
  9 centaurs
  3 ogres
  2 lemures (D:7)
  4 phantoms
  4 kobold brigands
  3 bullfrogs
  A gnoll sergeant (D:10)
  2 scorpions
  10 wights
  5 killer bees (D:11)
  5 howler monkeys
  5 jellies
  13 orc priests
  3 hounds
  5 iguanas
  23 orc wizards
  A centaur simulacrum (D:10)
  8 ogre zombies (D:11)
  Robin (D:2)
  8 gnolls
  3 adders
  2 worms
  2 dart slugs
  56 orcs
  5 ball pythons
  7 endoplasms
  14 goblins
  11 hobgoblins
  16 jackals
  3 quokkas
  2 bats
  3 frilled lizards
  3 goblin skeletons (D:11)
  3 goblin zombies (D:11)
  A hobgoblin zombie (D:11)
  27 kobolds
  An orc skeleton (D:11)
  17 orc zombies (D:11)
  3 rats
412 creatures vanquished.

Vanquished Creatures (others)
  An orc priest (Orc:1)
  An orc wizard (Orc:1)
  2 orcs (D:8)
  32 plants
36 creatures vanquished.

Grand Total: 448 creatures vanquished

Notes
Turn   | Place    | Note
-------+----------+-------------------------------------------
     0 | D:1      | DungeonMaster the Demonspawn Wanderer began the quest for
                  | the Orb.
     0 | D:1      | DungeonMaster set off with the following items: a +2
                  | dagger, 2 scrolls of fear, a potion of attraction, a +0
                  | buckler, a +0 leather armour.
     0 | D:1      | Reached XP level 1. HP: 16/16 MP: 1/1
   180 | D:1      | Gained mutation: Spells you cast may paralyse adjacent
                  | enemies. [demonic ancestry]
   180 | D:1      | Reached XP level 2. HP: 22/22 MP: 2/2
  1187 | D:1      | Reached XP level 3. HP: 28/28 MP: 3/3
  1234 | D:1      | Found a faded altar of an unknown god.
  1360 | D:2      | Noticed Terence
  1716 | D:1      | Reached skill level 1 in Dodging
  2678 | D:2      | Noticed Robin
  2690 | D:2      | Gained mutation: You occasionally shout uncontrollably at
                  | your foes. [potion of mutation]
  2690 | D:2      | Gained mutation: Your mind is acute. (Int +4, Str/Dex -1)
                  | [potion of mutation]
  2690 | D:2      | Gained mutation: You are strong-willed. (Will+) [potion of
                  | mutation]
  2690 | D:2      | Gained mutation: You are somewhat resistant to further
                  | mutation. [potion of mutation]
  3305 | D:2      | Killed Robin
  3306 | D:2      | Reached XP level 4. HP: 27/34 MP: 4/4
  3935 | D:3      | Reached skill level 3 in Fighting
  4920 | D:4      | Reached XP level 5. HP: 40/41 MP: 5/5
  5084 | D:4      | Gained mutation: You have large cloven feet. [demonic
                  | ancestry]
  5084 | D:4      | Reached XP level 6. HP: 47/47 MP: 6/6
  5777 | D:5      | Entered Level 5 of the Dungeon
  6039 | D:5      | Reached skill level 4 in Fighting
  6110 | D:5      | Reached XP level 7. HP: 32/54 MP: 7/7
  6631 | D:5      | Noticed Prince Ribbit
  6651 | D:5      | Killed Prince Ribbit
  6652 | D:5      | Gained mutation: You are partially covered in molten
                  | scales. (AC +2) [demonic ancestry]
  6652 | D:5      | Reached XP level 8. HP: 61/61 MP: 8/8
  6688 | D:5      | Reached skill level 5 in Fighting
  6927 | D:5      | Noticed Eustachio
  6935 | D:5      | Killed Eustachio
  7310 | D:6      | Reached skill level 5 in Shields
  7597 | D:6      | Lost mutation: Your mind is acute. (Int +4, Str/Dex -1)
                  | [potion of mutation]
  7597 | D:6      | Lost mutation: You occasionally shout uncontrollably at
                  | your foes. [potion of mutation]
  7632 | D:6      | Reached skill level 5 in Armour
  7814 | D:6      | Found a blossoming altar of Fedhas.
  8090 | D:6      | Reached skill level 6 in Fighting
  8119 | D:6      | Reached skill level 5 in Dodging
  8174 | D:6      | Reached XP level 9. HP: 40/69 MP: 9/9
  8465 | D:6      | Identified a scroll of acquirement
  8465 | D:6      | Acquired a manual of Fighting
  8683 | D:7      | Reached skill level 7 in Fighting
  8907 | D:7      | Reached skill level 8 in Fighting
  9260 | D:7      | Noticed Pikel
  9328 | D:7      | Killed Pikel
  9329 | D:7      | Reached skill level 10 in Fighting
  9850 | D:7      | Found a shimmering blue altar of Sif Muna.
  9898 | D:7      | Found a staircase to the Ecumenical Temple.
 10302 | Temple   | Entered the Ecumenical Temple
 10536 | Temple   | Became a worshipper of Gozag Ym Sagoz the Greedy
 10821 | D:8      | Reached skill level 11 in Fighting
 11389 | D:8      | Reached skill level 12 in Fighting
 11807 | D:8      | Found Zahaihuen's Magic Scroll Boutique.
 11815 | D:8      | Bought a scroll of teleportation for 30 gold pieces
 11815 | D:8      | Bought a scroll of teleportation for 30 gold pieces
 12839 | D:9      | Found Maenitos's Jewellery Shop.
 12854 | D:9      | Reached skill level 13 in Fighting
 12856 | D:9      | Noticed Joseph
 12919 | D:9      | Killed Joseph
 12920 | D:9      | Gained mutation: You are partially covered in sharp spines.
                  | [demonic ancestry]
 12920 | D:9      | Reached XP level 10. HP: 50/87 MP: 10/10
 13321 | D:9      | Bought a +4 ring of evasion for 432 gold pieces
 13377 | D:9      | Found the +14 obsidian axe {vorpal, Mesm Drain Fly SInv}
 14326 | D:10     | Entered Level 10 of the Dungeon
 14339 | D:10     | Noticed a boulder beetle
 14363 | D:10     | Noticed a white ugly thing
 14388 | D:9      | Killed a white ugly thing
 15133 | D:10     | Found Xiwnu's Armour Boutique.
 15327 | D:10     | Noticed a centaur warrior
 15339 | D:10     | Killed a centaur warrior
 15502 | D:10     | Noticed a manticore
 15511 | D:10     | Killed a manticore
 15799 | D:11     | Noticed an oklob plant
 15807 | D:11     | Found a staircase to the Lair.
 15856 | D:11     | Noticed a purple ugly thing
 15889 | D:10     | Killed a purple ugly thing
 15890 | D:10     | Reached XP level 11. HP: 48/86 MP: 11/11
 16267 | D:11     | Found a staircase to the Orcish Mines.
 16303 | D:11     | Noticed a two-headed ogre
 16310 | D:11     | Killed a two-headed ogre
 16764 | D:11     | Found Pefoc's Jewellery Boutique.
 17000 | D:11     | Bought a +4 ring of protection for 540 gold pieces
 18420 | D:12     | Identified the +0 arbalest "Vofol" {elec, rN+ MP+9}
 18688 | D:13     | Noticed a seven-headed hydra
 18714 | D:13     | Killed a seven-headed hydra
 19202 | D:13     | Noticed a wizard
 19215 | D:13     | Killed a wizard
 19312 | D:13     | Gained mutation: You have hoof-like feet. [demonic
                  | ancestry]
 19312 | D:13     | Reached XP level 12. HP: 63/106 MP: 12/12
 19445 | D:13     | Noticed a vault guard
 19451 | D:13     | Killed a vault guard
 19460 | D:13     | Noticed a vault guard
 19474 | D:13     | Killed a vault guard
 19487 | D:13     | Noticed a five-headed hydra
 19587 | D:13     | Found a gate to the Vaults.
 19641 | D:13     | Killed a five-headed hydra
 19642 | D:13     | Reached skill level 10 in Shields
 19781 | D:13     | Noticed a four-headed hydra
 19788 | D:13     | Killed a four-headed hydra
 20733 | D:8      | Bought a scroll of enchant weapon for 75 gold pieces
 20733 | D:8      | Bought a scroll of enchant weapon for 75 gold pieces
 20733 | D:8      | Bought a scroll of immolation for 40 gold pieces
 20733 | D:8      | Bought a scroll of vulnerability for 40 gold pieces
 20924 | D:14     | Noticed a centaur warrior
 20932 | D:14     | Killed a centaur warrior
 21172 | D:14     | Noticed a rakshasa
 21287 | D:14     | Noticed a boulder beetle
 21287 | D:14     | Noticed a centaur warrior
 21300 | D:13     | Killed a boulder beetle
 21314 | D:14     | Killed a centaur warrior
 21622 | D:14     | Noticed a centaur warrior
 21650 | D:14     | Killed a centaur warrior
 21653 | D:14     | Killed a centaur warrior
 21995 | Orc:1    | Entered Level 1 of the Orcish Mines
 22818 | Orc:1    | Noticed Fannar
 22858 | Orc:1    | Killed Fannar
 23253 | Orc:1    | Gained mutation: You are mostly covered in molten scales.
                  | (AC +3) [demonic ancestry]
 23253 | Orc:1    | Reached XP level 13. HP: 29/112 MP: 13/13
 23716 | Orc:1    | Reached skill level 10 in Dodging
 24161 | Orc:2    | Entered Level 2 of the Orcish Mines
 24163 | Orc:2    | Noticed Jorgrun
 24213 | Orc:2    | Killed Jorgrun
 24214 | Orc:2    | Reached skill level 10 in Armour
 24342 | Orc:2    | Found a staircase to the Elven Halls.
 24379 | Orc:2    | Noticed Maurice
 24393 | Orc:2    | Killed Maurice
 24793 | Orc:2    | Found a large runed translucent door.
 24794 | Orc:2    | Found a large runed translucent door.
 24796 | Orc:2    | Noticed Querens's ghost (journeyman MeFi)
 24809 | Orc:2    | Found Lixuan's Assorted Antiques.
 24826 | Orc:2    | Bought a scroll of teleportation for 84 gold pieces
 24881 | Orc:2    | Found Touzudil's Armour Boutique.
 24888 | Orc:2    | HP: 3/105 [orc priest/divine providence (10)]
 24909 | Orc:2    | Found Veukur's Antique Armour Boutique.
 24909 | Orc:2    | Killed from afar by an orc priest

Illustrated notes

Levels and vault maps discovered:
D:1:      saegor_arrival_simple_a, layout_basic,
          shapermc_ecumenical_altar_hornbeckon
D:2:      layout_loops_ring, bh_walls_and_bars, uniq_terence, uniq_robin
D:3:      layout_basic, minmay_splitting_lines
D:4:      cheibrodos_greedy_goblins, layout_basic
D:5:      layout_loops_cross, kennysheep_generic_room_9, uniq_prince_ribbit1,
          uniq_eustachio
D:6:      layout_basic, mainiacjoe_overflow_catwalk
D:7:      layout_layer_cave, nicolae_sif_muna_little_library, temple_pool_b,
          uniq_pikel
D:8:      layout_loops_ring, serial_shops, shop, serial_bayou_ford_a
D:9:      layout_basic, nicolae_wooded_promenade, worms_lemuel, uniq_joseph
D:10:     minmay_diamond_stairs, layout_irregular_city, serial_shops,
          nicolae_shop_waterfront, enter_bailey_2, serial_column_ruins,
          column_ruins_hut_ruined, column_ruins_hut, column_ruins_columns_T,
          column_ruins_corridor_corner, column_ruins_open_large
D:11:     layout_cave_pools, dpeg_oklobed_lair, zombieorc2_lemuel, serial_shops,
          nicolae_shop_hallway_plus
D:12:     layout_stronghold
D:13:     layout_basic, grunt_vaults_entry_tiered
D:14:     layout_irregular_city, serial_shops, shop, hangedman_decor_riveting
Temple:   mainiacjoe_temple_big_plus
Orc:1:    layout_diamond_mine, uniq_fannar
Orc:2:    st_orc_elflike, layout_diamond_mine, serial_shops, shop,
          ebering_ghost_disaster_area, uniq_maurice, uniq_saint_roka,
          uniq_jorgrun

Skill      XL: |  1  2  3  4  5  6  7  8  9 10 11 12 13 |
---------------+----------------------------------------+-----
Dodging        | 1 2 3 5 6 8 9 10 | 10.4
Shields        | 2 3 4 5 7 9 11 12 | 12.3
Armour         | 2 3 4 5 7 9 10 | 10.1
Fighting       | 3 4 6 13 | 13.9
Throwing       | |  1.0
Stealth        | |  1.7
Unarmed Combat | |  1.0
Evocations     | |  2.0

Action                   |  1- 3 |  4- 6 |  7- 9 | 10-12 | 13-15 || total
-------------------------+-------+-------+-------+-------+-------++-------
Melee: Dagger            |   177 |   175 |   346 |   176 |       ||   874
       Kick              |       |    25 |   119 |   236 |    33 ||   413
       Trident           |       |       |    32 |       |       ||    32
       Broad axe         |       |       |       |     6 |       ||     6
       War axe           |       |       |       |   466 |   105 ||   571
Throw: Javelin           |       |    12 |    15 |       |     1 ||    28
       Dart              |       |       |    11 |    29 |       ||    40
Invok: Call Merchant     |       |       |       |     1 |       ||     1
Evoke: Wand              |       |       |     3 |    10 |     3 ||    16
  Use: Scroll            |     6 |    10 |    10 |     9 |     5 ||    40
       Potion            |     1 |       |     7 |     1 |       ||     9
 Stab: Sleeping          |     4 |       |       |       |       ||     4
       Invisible         |       |       |     4 |       |       ||     4
       Petrified         |       |       |       |     4 |       ||     4
       Distracted        |       |       |       |     2 |       ||     2
       Confused          |       |       |       |     1 |       ||     1
Armor: Leather armour    |    26 |       |    12 |       |       ||    38
       Scale mail        |    23 |    54 |   112 |       |       ||   189
       Skin              |       |       |     3 |       |       ||     3
       Ring mail         |       |       |       |   331 |    41 ||   372
Dodge: Dodged            |    69 |    57 |   137 |   560 |    52 ||   875
Block: Buckler           |    36 |    25 |    70 |       |       ||   131
       Kite shield       |       |       |    25 |   530 |    89 ||   644

Table legend: (Time is in decaauts)
 A = Elapsed time spent in this place.
 B = Non-inter-level travel time spent in this place.
 C = Inter-level travel time spent in this place.
 D = Time resting spent in this place.
 E = Time spent auto-exploring this place.
 F = Levels seen in this place.
 G = Mean time per level.
                   A        B        C        D        E       F      G
               +--------+--------+--------+--------+--------+-----+--------+
         Total |  25394 |  24273 |   1121 |   8464 |  10822 |  17 | 1493.8 |
       Dungeon |  22098 |  21019 |   1079 |   6920 |   9842 |  14 | 1578.4 |
        Temple |    256 |    234 |     22 |      0 |    219 |   1 |  256.0 |
  Orcish Mines |   3039 |   3020 |     19 |   1543 |    761 |   2 | 1519.5 |
               +--------+--------+--------+--------+--------+-----+--------+

Top non-repeatable levels by time:
   Orc:1: 2479 daAuts
     D:1: 2188 daAuts
    D:13: 2134 daAuts
     D:9: 2107 daAuts
     D:8: 1939 daAuts
     D:7: 1793 daAuts
     D:2: 1587 daAuts
    D:10: 1566 daAuts
    D:12: 1563 daAuts
     D:5: 1422 daAuts
    D:11: 1374 daAuts
     D:6: 1347 daAuts
     D:3: 1109 daAuts
    D:14: 1045 daAuts
     D:4: 918 daAuts
